 Dungeon Crawl Stone Soup version 0.31-a0-836-g3ceb0a68c4 (webtiles) character file.

Game seed: 10936535862606587529

1192 Kurtz the Chopper (level 8, -2/55 HPs)
             Began as an Octopode Fighter on Sept 26, 2023.
             Was an Initiate of Gozag.
             Slain by a swamp drake (10 damage)
             ... on level 6 of the Dungeon.
             The game lasted 00:06:27 (5411 turns).

Kurtz the Chopper (Octopode Fighter)                Turns: 5411, Time: 00:06:29

Health: -2/55      AC:  1    Str: 17    XL:     8   Next: 43%
Magic:  13/13      EV: 13    Int: 11    God:    Gozag
Gold:   357        SH:  0    Dex: 11    Spells: 10/13 levels left

rFire   . . .        x - +4 flail (holy)
rCold   . . .        b - +0 buckler
rNeg    . . .        (helmet restricted)
rPois   .            (no amulet)
rElec   .            (no ring)
rCorr   .            (no ring)
SInv    .            (no ring)
Will    .....        (no ring)
Stlth   ++           (no ring)
HPRegen 0.29/turn    (no ring)
MPRegen 0.13/turn    (no ring)
                     (no ring)

%: no passive effects
@: confused
A: almost no armour, amphibious, 8 rings, camouflage 1, gelatinous body 1,
(nimble swimmer 1), tentacles
a: Renounce Religion, Potion Petition, Call Merchant, Bribe Branch


You were on level 6 of the Dungeon.
You worshipped Gozag.
Gozag was aware of your devotion.
You visited 2 branches of the dungeon, and saw 7 of its levels.

You collected 503 gold pieces.
You spent 75 gold pieces at shops.
You paid 71 gold pieces to Gozag.

Inventory:

Hand Weapons
 a - a +0 war axe
 r - a +2 mace of protection
 x - a +4 flail of holy wrath (weapon)
Missiles
 f - 2 throwing nets
 y - 6 boomerangs (quivered)
Armour
 b - a +0 buckler (worn)
Wands
 u - a wand of charming (10)
 w - a wand of polymorph (13)
Scrolls
 d - 2 scrolls of immolation {unknown}
 e - 9 scrolls of identify {unknown}
 g - a scroll of vulnerability {unknown}
 i - 2 scrolls of poison {unknown}
 j - a scroll of fear {unknown}
 k - a scroll of enchant armour {unknown}
 l - 6 scrolls of teleportation {unknown}
 m - a scroll of fog {unknown}
 n - a scroll of noise {unknown}
Potions
 c - a potion of haste {unknown}
 h - 2 potions of degeneration {unknown}
 o - a potion of attraction {unknown}
 p - 2 potions of resistance {unknown}
 q - 2 potions of heal wounds {unknown}
 s - a potion of lignification {unknown}
 t - a potion of enlightenment {unknown}
 v - a potion of invisibility {unknown}
 z - a potion of curing {unknown}
 A - a potion of ambrosia {unknown}


   Skills:
 + Level 5.0 Fighting
 * Level 6.0 Axes
 - Level 0.5(3.7) Maces & Flails
 - Level 3.5 Dodging
 - Level 3.7 Stealth
 - Level 3.4 Shields
 * Level 3.3 Spellcasting
 * Level 3.6 Summonings


You had 10 spell levels left.
You knew the following spells:

 Your Spells              Type           Power      Damage    Failure   Level
a - Call Canine Familiar  Summ           9%         N/A       22%         3

Your spell library contained the following spells:

 Spells                   Type           Power      Damage    Failure   Level
 Shock                    Conj/Air       4%         1d3       32%         1
 Sigil of Binding         Hex            1%         N/A       67%         3
 Swiftness                Air            1%         N/A       67%         3
 Airstrike                Air            0%         2d(1-17)  97%         4
 Dimensional Bullseye     Hex/Tloc       0%         N/A       97%         4
 Leda's Liquefaction      Hex/Erth       0%         N/A       97%         4
 Summon Forest            Summ/Tloc      2%         N/A       99%         5
 Summon Mana Viper        Hex/Summ       5%         N/A       99%         5
 Summon Cactus Giant      Summ           4%         N/A       100%        6


Dungeon Overview and Level Annotations

Branches:
Dungeon (6/15)             Temple (1/1) D:4

Altars:
Ashenzari
Cheibriados
Dithmenos
Elyvilon
Gozag
Nemelex Xobeh
Qazlal
Ru
Trog
Uskayaw
Vehumet
Wu Jian
Xom
Yredelemnul
The Shining One

Shops:
D:2 *

Annotations:
D:5 2 transporters, exclusion: downstairs, Kurtz's ghost, novice OpFi


Innate Abilities, Weirdness & Mutations

You cannot wear most types of armour.
You are amphibious.
You can wear up to eight rings at the same time.
Your skin changes colour to match your surroundings (Stealth+).
Your rubbery body absorbs attacks. (AC +1, EV +1)
((You are camouflaged when in or above water. (Stealth+)))
You have tentacles for arms and can constrict up to eight enemies at once.


Message History

The noxious blast engulfs you but does no damage.
You are poisoned.
You barely miss the swamp drake.
The swamp drake is severely wounded.
You are engulfed in noxious fumes.
You choke on the stench!
You are confused.
You feel sick. The swamp drake bites you! The swamp drake bites you.
Unknown command.
You completely miss the swamp drake.
Your tentacle-slap misses the swamp drake.
The swamp drake is severely wounded.
You are engulfed in noxious fumes.
You choke on the stench!
You are more confused.
You feel sick.
You are no longer poisoned.
The swamp drake completely misses you.
You're too confused to move!
The swamp drake barely misses you.
Unknown command.
You miss the swamp drake.
The swamp drake is severely wounded.
The swamp drake bites you!
You're too confused to move!
You feel less confused. The swamp drake breathes poison at you.
The noxious blast misses you.
Unknown command.
You hit the swamp drake.
The swamp drake is almost dead.
You are engulfed in noxious fumes.
You choke on the stench!
You are confused.
The swamp drake bites you!
* * * LOW HITPOINT WARNING * * *
Unknown command.
You miss the swamp drake.
The swamp drake is almost dead.
You are engulfed in noxious fumes.
You choke on the stench!
You are more confused.
The swamp drake closely misses you. The swamp drake bites you!
You die...
Your body crumbles into a pile of gold.

# ....... ≈# .>.........#
#####≈#
###?.........#####..[.§#
.............##.#......+
.....................#
...........>...#°°<..#≈#
.?...........○○#@°....≈#
.........$....$k°°.#..≈#
........§..$.$...#°###§≈#
........§...$.#..#.# ?#
.......§$<..$.####.. #
.......§§....## ....
........$.....# .##.#
........D........?# ##
.............#...##


You could see a swamp drake (catching breath).

Vanquished Creatures
  Sigmund (D:4)
  Eustachio (D:5)
  Edmund (D:5)
  A black bear (D:6)
  An ogre (D:5)
  A phantom (D:5)
  A jelly (D:5)
  A gnoll bouda (D:6)
  3 orc priests
  3 iguanas
  An orc wizard (D:5)
  Natasha (thrice) (D:3)
  A gnoll (D:6)
  6 adders
  A white imp (D:5)
  An ufetubus (D:5)
  2 worms
  4 dart slugs
  5 orcs
  9 endoplasms
  3 giant cockroaches
  8 goblins
  7 hobgoblins
  2 jackals (D:2)
  4 quokkas
  12 ball pythons
  5 bats
  2 frilled lizards (D:2)
  3 kobolds
  6 rats
  2 butterflies (D:1)
101 creatures vanquished.

Vanquished Creatures (collateral kills)
  2 gnolls (D:6)
2 creatures vanquished.

Vanquished Creatures (others)
  A sleepcap (D:6)
  2 gnolls (D:6)
3 creatures vanquished.

Grand Total: 106 creatures vanquished

Notes
Turn   | Place    | Note
-------+----------+-------------------------------------------
     0 | D:1      | Kurtz the Octopode Fighter began the quest for the Orb.
     0 | D:1      | Reached XP level 1. HP: 16/16 MP: 1/1
   324 | D:1      | Reached XP level 2. HP: 20/21 MP: 2/2
   651 | D:1      | Found a faded altar of an unknown god.
   732 | D:1      | Reached XP level 3. HP: 26/26 MP: 3/3
   797 | D:1      | Reached skill level 1 in Stealth
  1132 | D:2      | Found Nohis's Assorted Antiques.
  1147 | D:2      | Bought a scroll labelled LOZXEM POOTI for 25 gold pieces
  1147 | D:2      | Bought a scroll labelled MOIDIZ DAGUGOS for 25 gold pieces
  1147 | D:2      | Bought a scroll labelled AMMOSHEISI for 25 gold pieces
  1938 | D:2      | Reached XP level 4. HP: 31/31 MP: 4/4
  2140 | D:3      | Found a snail-covered altar of Cheibriados.
  2298 | D:3      | Noticed Natasha
  2303 | D:3      | Killed Natasha
  2415 | D:3      | Reached skill level 3 in Axes
  2447 | D:3      | Reached XP level 5. HP: 36/36 MP: 5/5
  2595 | D:3      | Noticed Natasha
  2602 | D:3      | Killed Natasha
  2666 | D:3      | Noticed Natasha
  2669 | D:3      | Killed Natasha
  2767 | D:4      | Found a hide-covered altar of Uskayaw.
  2776 | D:4      | Noticed Sigmund
  2944 | D:4      | Found a staircase to the Ecumenical Temple.
  2950 | Temple   | Entered the Ecumenical Temple
  2961 | Temple   | Became a worshipper of Gozag Ym Sagoz the Greedy
  2968 | Temple   | Learned a level 3 spell: Call Canine Familiar
  3083 | D:4      | Killed Sigmund
  3084 | D:4      | Reached skill level 4 in Axes
  3084 | D:4      | Reached skill level 1 in Spellcasting
  3084 | D:4      | Reached skill level 1 in Summonings
  3084 | D:4      | Reached XP level 6. HP: 43/43 MP: 5/7
  3462 | D:5      | Entered Level 5 of the Dungeon
  3632 | D:5      | Noticed Eustachio
  3634 | D:5      | Found a transporter.
  3646 | D:5      | Found a transporter.
  3651 | D:5      | Killed Eustachio
  3651 | D:5      | Noticed Kurtz's ghost (novice OpFi)
  3652 | D:5      | Reached XP level 7. HP: 23/48 MP: 8/10
  3652 | D:5      | Identified the +10 giant spiked club "Mosekk" {flame, *Slow
                  | rElec rN+ SInv}
  3862 | D:5      | Noticed Edmund
  3870 | D:5      | Killed Edmund
  3871 | D:5      | Reached skill level 5 in Axes
  4520 | D:5      | Reached XP level 8. HP: 35/54 MP: 12/12
  5151 | D:6      | Reached skill level 6 in Axes
  5220 | D:6      | Reached skill level 5 in Fighting
  5411 | D:6      | Slain by a swamp drake

Illustrated notes

Levels and vault maps discovered:
D:1:      spicycebolla_arrival_clurvy, layout_loops_ring,
          shapermc_ecumenical_altar_flowoftime
D:2:      layout_loops_ring, serial_shops, shop
D:3:      layout_basic, cheibriados_altar_1, minmay_hedge_maze,
          nicolae_kite_square_tiling_tiny, uniq_natasha
D:4:      layout_rooms, mainiacjoe_overflow_chevrons, minmay_temple_entry_tees,
          moated_statue, minmay_misc_feat_plants, uniq_sigmund
D:5:      layout_basic, gammafunk_ghost_smash, uniq_edmund, uniq_eustachio
D:6:      layout_cave_pools, lightli_temple_of_fire,
          mainiacjoe_overflow_alcove_1, nicolae_benzene_ring
Temple:   nicolae_temple_bog_church

Skill      XL: |  1  2  3  4  5  6  7  8 |
---------------+-------------------------+-----
Stealth        | 2 3 |  3.7
Axes           | 3 4 5 6 |  6.0
Spellcasting   | 1 2 3 |  3.3
Summonings     | 1 2 3 |  3.6
Fighting       | 4 5 |  5.0
Maces & Flails | |  0.5
Dodging        | |  3.5
Shields        | |  3.4

Action                     |  1- 3 |  4- 6 |  7- 9 || total
---------------------------+-------+-------+-------++-------
  Melee: War axe           |    79 |     5 |       ||    84
         Constrict         |    17 |    16 |    14 ||    47
         Tentacles         |    14 |    10 |    19 ||    43
         Mace              |       |    72 |    16 ||    88
         Punch             |       |     1 |     1 ||     2
         Flail             |       |       |    57 ||    57
         Unarmed           |       |       |     3 ||     3
  Throw: Boomerang         |       |       |     2 ||     2
  Evoke: Wand              |       |       |     4 ||     4
    Use: Potion            |       |     1 |       ||     1
   Stab: Sleeping          |    16 |    11 |     4 ||    31
         Distracted        |       |     2 |     1 ||     3
 Armour: Skin              |    37 |    78 |    33 ||   148
  Dodge: Dodged            |    74 |   111 |    40 ||   225
  Block: Buckler           |    16 |    29 |     9 ||    54

Table legend: (Time is in decaauts)
 A = Elapsed time spent in this place.
 B = Non-inter-level travel time spent in this place.
 C = Inter-level travel time spent in this place.
 D = Time resting spent in this place.
 E = Time spent auto-exploring this place.
 F = Levels seen in this place.
 G = Mean time per level.
                   A        B        C        D        E       F      G
               +--------+--------+--------+--------+--------+-----+--------+
         Total |   5509 |   5076 |    433 |   1290 |   2919 |   7 |  787.0 |
       Dungeon |   5392 |   4974 |    418 |   1211 |   2919 |   6 |  898.7 |
        Temple |    116 |    101 |     15 |     79 |      0 |   1 |  116.0 |
               +--------+--------+--------+--------+--------+-----+--------+

Top non-repeatable levels by time:
     D:5: 1792 daAuts
     D:2: 1088 daAuts
     D:3: 1020 daAuts
     D:1: 939 daAuts
     D:4: 451 daAuts
  Temple: 116 daAuts
     D:6: 100 daAuts
